 Dungeon Crawl Stone Soup version 0.21-a0-632-g1e37ce5 (webtiles) character file.

74 shenanigans the Skirmisher (level 4, -7/35 HPs)
             Began as a Barachi Skald on Dec 28, 2017.
             Mangled by Crazy Yiuf
             ... wielding a +2 quarterstaff of chaos
              (10 damage)
             ... on level 2 of the Dungeon.
             The game lasted 00:03:42 (1912 turns).

shenanigans the Skirmisher (Barachi Skald)          Turns: 1912, Time: 00:03:42

Health: -7/35      AC:  4    Str: 13    XL:     4   Next: 28%
Magic:  7/7        EV: 12    Int: 14    God:
Gold:   127        SH:  0    Dex: 11    Spells: 6/7 levels left

rFire    . . .     SeeInvis .   a - +0 hand axe
rCold    . . .     Gourm    +   (no shield)
rNeg     . . .     Faith    .   b - +0 leather armour
rPois    +         Spirit   .   (no helmet)
rElec    .         Reflect  .   e - +0 cloak
rCorr    .         Harm     .   (no gloves)
MR       .....                  (no boots)
Stlth    ..........             o - amulet of the gourmand
HPRegen  0.11/turn              f - ring of poison resistance
MPRegen  0.10/turn              m - ring of loudness (curse)

@: can't hop, drained, slow
A: +LOS, swims, slowness 1, strong legs 1
a: Hop


You were on level 2 of the Dungeon.
You were not hungry.

You visited 1 branch of the dungeon, and saw 2 of its levels.

You collected 127 gold pieces.

Inventory:

Hand Weapons
 a - a +0 hand axe (weapon)
Armour
 b - a +0 leather armour (worn)
 e - a +0 cloak (worn)
Jewellery
 f - a ring of poison resistance (left hand)
 m - a cursed ring of loudness (right hand)
 o - an amulet of the gourmand (around neck)
 p - an uncursed ring of wizardry
Scrolls
 k - 2 scrolls of remove curse {unknown}
 l - 3 scrolls of teleportation {unknown}
 q - a scroll of identify {unknown}
Potions
 g - a potion of mutation {unknown}
 i - a potion of curing {unknown}
 j - a potion of berserk rage {unknown}
 n - a potion of degeneration {unknown}
Books
 c - a book of Battle

   Spells                             Type                      Level
   a - Infusion                       Charms                       1
   b - Shroud of Golubria             Charms/Translocation         2
   c - Song of Slaying                Charms                       2
   d - Spectral Weapon                Hexes/Charms                 3
   e - Regeneration                   Charms/Necromancy            3
Comestibles
 d - 5 rations


   Skills:
 + Level 3.3(3.0) Fighting
 + Level 3.0(2.7) Axes
 + Level 2.6(2.3) Armour
 + Level 3.1(2.8) Dodging
 - Level 2.1(1.9) Spellcasting
 - Level 3.2(3.0) Charms


You had 6 spell levels left.
You knew the following spells:

 Your Spells              Type           Power        Failure   Level  Hunger
a - Infusion              Chrm           #...         9%          1    ##.....


Dungeon Overview and Level Annotations

Branches:
Dungeon (2/15)

Altars:
The Shining One

Annotations:
D:2 Crazy Yiuf


Innate Abilities, Weirdness & Mutations

Shadows flee at your approach. (+LOS)
You can swim through water.
You cover ground slowly.
You can hop short distances.


Message History

Hop to where?
Press: ? - help, Dir - move target cursor, p - Crazy Yiuf Boing!
Throwing (i - inventory):
h - a throwing net (quivered)
Press: ? - help, Shift-Dir - straight line, f - Crazy Yiuf
Aim: Crazy Yiuf, wielding a quarterstaff of chaos and wearing a cloak (sparse dust, moderately wounded)
You throw a throwing net. The throwing net hits Crazy Yiuf.
Crazy Yiuf is caught in the net!
Crazy Yiuf is moderately wounded.
Crazy Yiuf struggles against the net.
Crazy Yiuf screams, "Announcement senile shoe!"
Crazy Yiuf struggles against the net.
Crazy Yiuf struggles against the net.
Crazy Yiuf struggles against the net. x2
Your legs are too worn out to hop.
You feel yourself speed up.
Crazy Yiuf says, "You tired testudinal!"
Crazy Yiuf closely misses you.
Crazy Yiuf hits you with a quarterstaff of chaos!
You die...

#.# ♣.♣♣ #.# ♣♣.♣ #.#
♣.♣♣ #.# ♣♣.♣♣ #.#
♣...♣♣ #######.######
♣PPP.♣ .............#
#....#
############.###.g..#
#....@...# #####...##
#####


You could see Crazy Yiuf.

Vanquished Creatures
  4 adders (D:2)
  2 dart slugs (D:1)
  2 ball pythons
  7 bats
  2 giant cockroaches
  4 goblins
  7 hobgoblins
  2 jackals (D:2)
  A kobold (D:2)
  2 rats (D:1)
  A fungus (D:2)
34 creatures vanquished.

Notes
Turn   | Place    | Note
-------+----------+-------------------------------------------
     0 | D:1      | shenanigans the Barachi Skald began the quest for the Orb.
     0 | D:1      | Reached XP level 1. HP: 17/17 MP: 3/3
   157 | D:1      | Reached XP level 2. HP: 22/23 MP: 5/5
   523 | D:1      | Reached XP level 3. HP: 28/28 MP: 6/6
  1400 | D:2      | Reached XP level 4. HP: 33/35 MP: 7/7
  1761 | D:2      | Found a glowing golden altar of the Shining One.
  1886 | D:2      | Found a runed door.
  1894 | D:2      | Noticed Crazy Yiuf
  1901 | D:2      | HP: 1/35 [Crazy Yiuf/quarterstaff of chaos (3)]
  1912 | D:2      | Mangled by Crazy Yiuf

Vault maps used:
D:1:      elethiomel_arrival_shortcut, minivault_24, minmay_tiny_reverse_x
D:2:      marbit_many_paths, uniq_crazy_yiuf_cottage

Skill      XL: |  1  2  3  4 |
---------------+-------------+-----
Armour         | 2 |  2.6
Fighting       | 3 |  3.3
Dodging        | 3 |  3.1
Axes           | 3 |  3.0
Spellcasting   | |  2.1
Charms         | |  3.2

Action                   |  1- 3 |  4- 6 || total
-------------------------+-------+-------++-------
Melee: Hand axe          |    85 |    45 ||   130
Throw: Throwing net      |       |     2 ||     2
 Cast: Infusion          |     3 |     1 ||     4
 Abil: Hop               |       |     1 ||     1
  Eat: Chunk             |     2 |     3 ||     5
Armor: Leather armour    |    20 |    16 ||    36
Dodge: Dodged            |    63 |    38 ||   101

Table legend:
 A = Spawn XP
 B = Non-spawn XP
 C = Spawn XP percentage of total XP
 D = Spawn monster count
 E = Non-spawn monster count
 F = Spawn count percentage of total count
 G = Total turns spent on level
                    A         B        C        D         E        F      G
               +---------+---------+-------+---------+---------+-------+---------
         Total |       0 |     106 |   0.0 |       0 |      33 |   0.0 |  1912
               +---------+---------+-------+---------+---------+-------+---------
           D:1 |       0 |      35 |   0.0 |       0 |      18 |   0.0 |   814
           D:2 |       0 |      71 |   0.0 |       0 |      15 |   0.0 |  1098
               +---------+---------+-------+---------+---------+-------+---------
